Map: Acropolis LE

Players

Mez

  • Race: Terran Terran
  • League: Master
  • Spawn Location: 11:00

A.I. 1 (Very Easy) - Winner!

  • Race: Zerg Zerg
  • Spawn Location: 5:00

VOD

Have the link to the VOD?

Description

Time

  • Played on: Sept. 1, 2019, 4:39 a.m.
  • Length: 4:22
Show
View Real Time Build Order
Export as new Build Order

Mez Terran 

Build Orders: Reaper Expand 

Get SALT Encoding   

  12  0:01  SCV  
  13  0:13  SCV  
  14  0:17  Supply Depot  
  14  0:25  SCV  
  15  0:39  Barracks, SCV  
  16  0:44  Refinery  
  16  0:51  SCV  
  17  1:03  SCV  
  18  1:15  SCV  
  19  1:28  Orbital Command, Reaper  
  20  1:40  Command Center  
  20  1:46  Bunker  
  20  1:54  SCV  
  20  2:01  Marine  
  22  2:05  Supply Depot  
  22  2:08  SCV  
  23  2:20  Barracks Reactor  
  23  2:28  SCV  
  24  2:44  SCV  
  25  2:53  Command Center  
  25  2:54  Orbital Command  
  25  2:56  Factory  
  25  2:57  Marine x2, SCV  
  28  3:13  SCV  
  28  3:15  Marine  
  28  3:17  Refinery  
  30  3:21  SCV  
  30  3:25  SCV  
  32  3:33  Marine x2, SCV  
  35  3:37  SCV  
  36  3:45  SCV  
  36  3:47  Starport  
  39  3:48  Widow Mine  
  39  3:50  Marine  
  39  3:51  Marine  
  41  3:58  SCV x2  
  43  4:05  Barracks x2  
  43  4:09  Refinery  
Show
View Real Time Build Order
Export as new Build Order

A.I. 1 (Very Easy) Zerg - Winner!

Build Orders: Pool Only 

Get SALT Encoding   

  12  0:00  Drone  
  13  0:12  Overlord  
  13  0:16  Drone  
  14  0:35  Spawning Pool  
  14  0:37  Extractor  
  14  0:39  Drone  
  13  0:46  Drone  
  14  0:51  Overlord  
  14  1:23  Zergling x2  
  14  1:25  Queen  
  17  1:29  Roach Warren  
  17  1:32  Drone  
  17  1:36  Extractor  
  16  1:40  Drone  
  17  1:49  Zergling x2  
  18  1:59  Drone  
  19  2:06  Drone  
  20  2:16  Zergling x2  
  20  2:17  Drone  
  22  2:27  Overlord  
  22  2:31  Drone  
  23  2:39  Drone  
  23  2:43  Roach  
  26  2:46  Drone  
  26  3:09  Zergling x2  
Tags
 
Add a new tag
Caveats
  • Supply blocks, unpowered buildings, or Contaminate may cause inaccurate times.
  • Supply counts are checked every 10 seconds.